 Dungeon Crawl Stone Soup version 0.30.1-3-gfc49f6343a (webtiles) character file.

Game seed: 17044647419811951222

1089 Pepete the Magician (level 8, -3/41 HPs)
             Began as a Deep Elf Fire Elementalist on July 26, 2023.
             Slain by Maggie
             ... wielding a +0 morningstar
              (20 damage)
             ... on level 6 of the Dungeon.
             The game lasted 00:11:42 (11438 turns).

Pepete the Magician (Deep Elf Fire Elementalist)   Turns: 11438, Time: 00:11:43

Health: -3/41      AC:  4    Str: 11    XL:     8   Next: 9%
Magic:  14/21      EV: 12    Int: 23    God:
Gold:   295        SH:  0    Dex: 15    Spells: 16/22 levels left

rFire   . . .        (no weapon)
rCold   . . .        (no shield)
rNeg    . . .        a - +0 robe
rPois   .            e - +0 helmet
rElec   .            (no cloak)
rCorr   .            (no gloves)
SInv    .            o - +0 pair of boots
Will    +....        (no amulet)
Stlth   ++           d - ring of willpower
HPRegen 0.26/turn    g - +6 ring of strength
MPRegen 0.17/turn

%: no passive effects
@: no status effects
A: no striking features
a: no special abilities


You were on level 6 of the Dungeon.
You visited 1 branch of the dungeon, and saw 6 of its levels.

You collected 295 gold pieces.

Inventory:

Missiles
 x - a throwing net
Armour
 a - a +0 robe (worn)
 e - a +0 helmet (worn)
 o - a +0 pair of boots (worn)
Jewellery
 d - a ring of willpower (left hand)
 g - a +6 ring of strength (right hand)
Wands
 l - a wand of mindburst (7)
Scrolls
 f - 2 scrolls of amnesia
 h - a scroll of enchant armour {unknown}
 k - a scroll of fog {unknown}
 n - a scroll of noise {unknown}
 p - 2 scrolls of fear
 q - a scroll of poison
 r - a scroll of magic mapping {unknown}
 s - a scroll of teleportation {unknown}
 t - a scroll of enchant weapon
 y - 3 scrolls of blinking
Potions
 b - 2 potions of magic
 c - a potion of might
 i - 2 potions of curing
 j - 2 potions of heal wounds
 m - 2 potions of brilliance
 u - a potion of mutation {unknown}
 v - a potion of degeneration {unknown}
 w - a potion of ambrosia {unknown}
 z - a potion of lignification {unknown}
 A - a potion of haste {unknown}


   Skills:
 - Level 2.4 Dodging
 - Level 2.4 Stealth
 + Level 7.8 Spellcasting
 + Level 6.0 Conjurations
 + Level 6.8 Fire Magic


You had 16 spell levels left.
You knew the following spells:

 Your Spells              Type           Power      Damage    Failure   Level
a - Foxfire               Conj/Fire      100%       2x1d9     1%          1
b - Scorch                Fire           80%        2d8       1%          2
c - Volatile Blastmotes   Fire/Tloc      48%        2d14      5%          3

Your spell library contained the following spells:

 Spells                   Type           Power      Damage    Failure   Level
 Flame Wave               Conj/Fire      38%        2d10      4%          4
 Sticky Flame             Conj/Fire      38%        2d6       4%          4
 Inner Flame              Hex/Fire       24%        N/A       5%          3
 Dazzling Flash           Conj/Hex       44%        N/A       6%          3
 Stone Arrow              Conj/Erth      44%        3d9       6%          3
 Apportation              Tloc           16%        N/A       7%          1
 Sandblast                Erth           16%        2d6       7%          1
 Passwall                 Tmut/Erth      6%         N/A       11%         2
 Iskenderun's Mystic Bla  Conj/Tloc      22%        2d6       21%         4
 Starburst                Conj/Fire      19%        6d7       61%         6
 Alistair's Intoxication  Tmut/Pois      5%         N/A       89%         5


Dungeon Overview and Level Annotations

Branches:
Dungeon (6/15)
 Temple: D:4-7

Altars:
Dithmenos
Elyvilon
Nemelex Xobeh
Okawaru
Qazlal
Sif Muna
Trog
Uskayaw
Wu Jian
Yredelemnul

Annotations:
D:6 Maggie


Message History

You conjure some foxfire!
Maggie shouts!
You conjure some foxfire!
The foxfire hits Maggie.
Maggie is lightly wounded.
The foxfire hits Maggie.
Maggie is lightly wounded.
You conjure some foxfire!
The foxfire hits Maggie!
Maggie is moderately wounded.
Maggie points at you and mumbles some strange words.
The bolt of fire hits you!!
Ouch! That really hurt!
You are too injured to fight recklessly!
You are too injured to fight recklessly!
Unknown command.
You are too injured to fight recklessly!
Casting: Foxfire (safe; 1% risk of failure)
Confirm with . or Enter, or press ? or * to list all spells.
You conjure some foxfire!
The foxfire hits Maggie but does no damage.
Maggie is moderately wounded.
The foxfire hits Maggie.
Maggie is moderately wounded.
Casting: Foxfire (safe; 1% risk of failure)
Confirm with . or Enter, or press ? or * to list all spells.
Flames lash Maggie.
Maggie is heavily wounded.
Maggie's fire resistance burns away.
The foxfire hits Maggie.
Maggie is burned terribly!
Maggie is heavily wounded.
The foxfire hits Maggie but does no damage.
Maggie is heavily wounded.
Maggie misses you.
Casting: Scorch (safe; 1% risk of failure)
Confirm with . or Enter, or press ? or * to list all spells.
Flames lash Maggie.
Maggie is burned terribly!
Maggie is severely wounded.
The foxfire hits Maggie but does no damage.
Maggie is severely wounded.
Maggie hits you with a +0 morningstar!!
You die...

#.# #........# #.#
########.# ##'##
#.# ##...## ##.##
##.....## #...#
#.......## ##.§.#
.........####...§#
......)..+.....§.#
.........####..§@#
#.......##
#....@...#
##.....##
#.##.###.# ##...##
#. #.# ####'## #.
#.# .....##### #.
..# ##.......# ###
##.......#
##.......#


You could see Maggie (combustible).

Vanquished Creatures
  Edmund (D:4)
  Menkaure (D:6)
  A black bear (D:5)
  A sky beast (D:6)
  Blork the orc (D:4)
  2 scorpions (D:5)
  2 hounds
  3 jellies
  An orc priest (D:3)
  2 iguanas
  2 orc wizards
  9 adders
  2 worms
  A dart slug (D:3)
  22 orcs
  13 endoplasms
  7 giant cockroaches
  7 goblins
  6 hobgoblins
  7 jackals
  4 quokkas
  9 ball pythons
  3 bats
  A frilled lizard (D:3)
  2 kobolds
  6 rats
116 creatures vanquished.

Vanquished Creatures (others)
  585 foxfires
585 creatures vanquished.

Grand Total: 701 creatures vanquished

Notes
Turn   | Place    | Note
-------+----------+-------------------------------------------
     0 | D:1      | Pepete the Deep Elf Fire Elementalist began the quest for
                  | the Orb.
     0 | D:1      | Reached XP level 1. HP: 10/10 MP: 6/6
   973 | D:1      | Reached XP level 2. HP: 15/15 MP: 5/8
  1670 | D:1      | Learned a level 2 spell: Scorch
  2141 | D:1      | You fall into a shaft and drop 1 floor!
  2819 | D:2      | Reached XP level 3. HP: 19/19 MP: 3/10
  3042 | D:2      | Found a shimmering blue altar of Sif Muna.
  3545 | D:2      | Reached skill level 4 in Spellcasting
  4293 | D:3      | Reached XP level 4. HP: 24/24 MP: 3/12
  5329 | D:3      | Reached XP level 5. HP: 24/28 MP: 4/14
  5729 | D:3      | Found a hide-covered altar of Uskayaw.
  5862 | D:3      | Found a sparkling altar of Nemelex Xobeh.
  5862 | D:3      | Found an iron altar of Okawaru.
  5863 | D:3      | Found a basalt altar of Yredelemnul.
  6271 | D:3      | Found a bloodstained altar of Trog.
  6622 | D:4      | Reached skill level 5 in Spellcasting
  7293 | D:4      | Reached skill level 5 in Fire Magic
  7726 | D:4      | Reached XP level 6. HP: 32/32 MP: 2/16
  8382 | D:4      | Noticed Blork the orc
  8386 | D:4      | Killed Blork the orc
  8479 | D:4      | Noticed Edmund
  8490 | D:4      | Killed Edmund
  8491 | D:4      | Reached skill level 6 in Spellcasting
  9037 | D:4      | Found a white marble altar of Elyvilon.
  9037 | D:4      | Found an ornate altar of the Wu Jian Council.
  9038 | D:4      | Found a shadowy altar of Dithmenos.
  9167 | D:5      | Entered Level 5 of the Dungeon
  9288 | D:5      | Reached XP level 7. HP: 36/36 MP: 12/18
  9431 | D:5      | Reached skill level 5 in Conjurations
 10017 | D:5      | Reached skill level 7 in Spellcasting
 10034 | D:5      | Found a stormy altar of Qazlal.
 10228 | D:5      | Learned a level 3 spell: Volatile Blastmotes
 10672 | D:6      | Noticed Menkaure
 10676 | D:6      | Killed Menkaure
 11177 | D:6      | Reached XP level 8. HP: 26/41 MP: 15/21
 11432 | D:6      | Noticed Maggie
 11438 | D:6      | Slain by Maggie

Illustrated notes

Levels and vault maps discovered:
D:1:      dpeg_arrival_arbitrary_c, layout_loops_cross
D:2:      layout_loops_ring, basic_altar
D:3:      layout_basic, eat_drink_and_be_merry_uskayaw, trog_book,
          chequers_temple_overflow_statue_of_worship, hangedman_decor_growths,
          small_statue_alley_b, kennysheep_generic_room_9
D:4:      layout_loops_ring, nicolae_overflow_hidden_temple, uniq_blork_the_orc,
          uniq_edmund
D:5:      nicolae_BIG_FREAKIN_CUBE, layout_cave_pools, marbit_many_paths
D:6:      layout_loops_corners, corexii_corridor_pit, uniq_maggie, uniq_menkaure

Skill      XL: |  1  2  3  4  5  6  7  8 |
---------------+-------------------------+-----
Conjurations   | 2 3 4 5 6 |  6.0
Spellcasting   | 4 5 6 7 |  7.8
Fire Magic     | 4 5 6 |  6.8
Dodging        | |  2.4
Stealth        | |  2.4

Action                     |  1- 3 |  4- 6 |  7- 9 || total
---------------------------+-------+-------+-------++-------
   Cast: Foxfire           |   120 |   176 |    84 ||   380
         Scorch            |     4 |    10 |     5 ||    19
    Use: Scroll            |     2 |       |     7 ||     9
 Armour: Robe              |     1 |     4 |     4 ||     9
  Dodge: Dodged            |     7 |    13 |     4 ||    24
